K2, neutral male human Wizard ------ |.....###################` --------- |....| |.......| |.(..| |.......| |.....########--------- |.....).-# |....| #)........######|.......| ---------- --|--- |.<.....| #-.......| |........| ## |..|....| |.......| #.........| # |.`.....| ------|-- ###|........| #### --------- # ####......{..| --|---- ( ### ---------- |..`..| ### # |...%.| ########%############ # |.....| --.--|-# ------- |.>o@[|# |..o@xQ# |+%@Io| ------- K2 the Magician Experience level: 13 Strength: 25 Dexterity: 13 Constitution: 18 Intelligence: 18 Wisdom: 14 Charisma: 11 Health: 0(95) Energy: 143(143) Def: 10 Gold: 1969 Moves: 16631 Dungeon seed: YwF1mJn-lcnYX0H4 Game ID: K2_1475507917 Your Inventory: Coins $ - 1969 gold pieces Amulets e - an uncursed amulet of reflection (being worn) Weapons a - the uncursed rustproof +0 Magicbane (weapon in hand) b - 18 uncursed +0 daggers (in quiver) c - 4 uncursed +0 elven daggers Armor g - an uncursed +0 cloak of magic resistance A - an uncursed +0 cloak of displacement (being worn) B - an uncursed +0 studded leather armor (being worn) D - an uncursed +0 elven leather helm (being worn) E - an uncursed rustproof +0 pair of gauntlets of power (being worn) F - an uncursed +0 pair of speed boots Scrolls h - an uncursed scroll of destroy armor H - a cursed scroll of teleportation I - an uncursed scroll of teleportation N - an uncursed scroll of enchant armor O - an uncursed scroll of stinking cloud Potions f - an uncursed potion of healing o - a potion of unholy water q - 2 uncursed potions of full healing r - an uncursed potion of see invisible G - an uncursed potion of sickness S - a cursed potion of object detection Rings v - an uncursed ring of regeneration K - an uncursed ring of sustain ability Q - an uncursed ring of protection from shape changers W - an uncursed ring of invisibility X - an uncursed +1 ring of protection (on left hand) Wands d - an uncursed wand of cold (0:8) i - an uncursed wand of cancellation (0:7) p - an uncursed wand of create monster (0:8) z - an uncursed wand of polymorph (0:2) C - an uncursed wand of speed monster (0:5) L - an uncursed wand of light (0:11) P - an uncursed wand of slow monster (0:3) U - an uncursed wand of sleep (0:2) Z - an uncursed wand of make invisible (0:4) Tools j - 7 blessed tallow candles (0:200) k - an uncursed skeleton key l - a blessed magic lamp (lit) t - an uncursed towel u - an uncursed +0 unicorn horn y - an uncursed can of grease (0:22) Gems x - an uncursed luckstone Y - an uncursed diamond Spells and supernatural/magical abilities: Name Level Category Fail Memory a - force bolt 1 attack 4% 17% j - jumping 1 escape 4% 95% m - magic missile 2 attack 0% 75% r - remove curse 3 clerical 81% 97% w - wizard lock 2 matter 16% 78% z - sleep 1 enchantment 4% 95% I - identify 3 divination 4% 17% W - pray for help -- divine ? -- Your skills at the end: Fighting Skills wands [Basic] Weapon Skills dagger [Expert] quarterstaff [Basic] Spellcasting Skills attack spells [Skilled] divination spells [Expert] enchantment spells [Basic] Final Attributes: You were piously aligned. You were fire resistant. You were cold resistant. You were sleep resistant. You were shock resistant. You were poison resistant. You were magic-protected. You were telepathic. You were displaced. You were protected. You had reflection. You were extremely lucky. You had extra luck. Bad luck did not time out for you. Good luck did not time out for you. You are dead. Vanquished creatures: a storm giant a titan a vampire lord a clay golem a vampire an archeologist 3 giant mimics an ogre king a flesh golem a large mimic a wumpus a giant mummy a xorn 3 small mimics a glass piercer a xan an ettin mummy 2 gelatinous cubes 3 pyrolisks a large dog 3 flaming spheres 2 shocking spheres 3 tigers a dwarf king a tengu a leocrotta 2 elf mummies a human mummy a python 3 wraiths 2 carnivorous apes an ettin zombie 8 Grey-elves a succubus an incubus a chameleon a crocodile 3 quivering blobs a cockatrice a wolf a winter wolf cub 2 lynxes 2 panthers 2 gremlins 2 spotted jellies 44 leprechauns 2 iron piercers 3 giant spiders a horse 2 black lights 9 vampire bats 5 gnome kings a dwarf mummy an ogre 3 rust monsters 4 yetis a gold golem a werewolf 3 Green-elves a lizard 2 chickatrices 3 dingos a housecat 2 jaguars 3 dwarf lords a blue jelly 3 white unicorns a dust vortex 2 ravens 2 gnome mummies a snake a human zombie 2 rope golems 2 Woodland-elves 2 soldier ants 2 fire ants 2 imps a quasit 2 wood nymphs a water nymph a mountain nymph 6 Mordor orcs an Uruk-hai 3 fog clouds 4 yellow lights 3 shriekers a violet fungus 13 gnome lords 3 gnomish wizards 3 kobold mummies a black naga hatchling a guardian naga hatchling 4 gray oozes a barrow wight 8 elf zombies 3 ghouls 4 paper golems 2 giant ants 7 floating eyes 16 dwarves 5 homunculi a kobold lord 3 kobold shamans 5 hill orcs 12 rothes 2 rabid rats 3 giant bats 2 orc zombies a dwarf zombie 3 wererats 5 iguanas 18 killer bees 2 acid blobs 2 coyotes 3 gas spores 4 hobbits 19 manes 3 large kobolds 2 hobgoblins 4 giant rats a cave spider a brown mold 5 yellow molds 3 green molds 3 red molds 52 gnomes 16 garter snakes 3 gnome zombies 7 geckos 23 jackals 8 foxes 5 kobolds 9 goblins 5 sewer rats 6 grid bugs 2 bats 8 lichens 5 kobold zombies 16 newts 553 creatures vanquished. Voluntary challenges: You used a wielded weapon 735 times, starting on turn 3. You read items or engraved 25 times, starting on turn 1247. You never genocided any monsters. You never polymorphed an object. You never changed form. You used no wishes. You never split a pudding. You never wrote Elbereth's name. You violated your moral code, losing 104 points of alignment, starting on turn 5889. You abstained from Elbereth's help. Dungeon overview: The Dungeons of Doom: levels 1 to 15 Level 1 a fountain a long staircase Level 2 a general store, a fountain Level 3 a general store, some altars to Thoth and Anhur, a fountain stairs to The Gnomish Mines Level 4 an armor shop Level 5 many fountains Level 6 a fountain stairs to Sokoban Level 7 Level 8 Level 9 some fountains Level 10 some fountains Level 11 a sink Level 12 a temple to Thoth, a fountain portal to The Quest Level 13 <- You were here a fountain Level 14 an altar to Thoth Level 15 some fountains The Gnomish Mines: levels 4 to 11 Level 4 stairs to The Dungeons of Doom Level 5 Level 6 Level 7 many shops, a temple to Thoth, some fountains Level 8 Level 9 Level 10 Level 11 some fountains The Quest: Level 1 portal to The Dungeons of Doom Sokoban: levels 2 to 5 Level 2 Level 3 Level 4 Level 5 stairs to The Dungeons of Doom History has recorded: On T:1 you entered the Dungeons of Doom to retrieve the Amulet of Yendor! On T:319 you advanced to experience level 2. On T:520 you reached level 2 of The Dungeons of Doom. On T:976 you advanced to experience level 3. On T:1322 you reached level 3 of The Dungeons of Doom. On T:1561 you advanced to experience level 4. On T:1600 you advanced to experience level 5. On T:1873 you reached level 4 of The Dungeons of Doom. On T:2070 you advanced to experience level 6. On T:4121 you advanced to experience level 7. On T:4910 you reached level 5 of The Dungeons of Doom. On T:5078 you reached level 6 of The Dungeons of Doom. On T:5534 you reached level 7 of The Dungeons of Doom. On T:5898 you advanced to experience level 8. On T:6394 you reached level 8 of The Dungeons of Doom. On T:6611 you reached level 10 of The Dungeons of Doom. On T:6690 you reached level 9 of The Dungeons of Doom. On T:7359 you reached level 11 of The Dungeons of Doom. On T:7489 you advanced to experience level 9. On T:8048 you reached level 4 of Sokoban. On T:8550 you reached level 3 of Sokoban. On T:8929 you reached level 2 of Sokoban. On T:9165 you reached level 1 of Sokoban. On T:10592 you reached level 1 of The Gnomish Mines. On T:10823 you reached level 2 of The Gnomish Mines. On T:11045 you reached level 3 of The Gnomish Mines. On T:11421 you reached level 4 of The Gnomish Mines. On T:11850 you reached level 5 of The Gnomish Mines. On T:12153 you reached level 6 of The Gnomish Mines. On T:12266 you reached level 7 of The Gnomish Mines. On T:12459 you reached level 8 of The Gnomish Mines. On T:12463 you advanced to experience level 10. On T:14016 you received Magicbane from Thoth. On T:14770 you reached level 12 of The Dungeons of Doom. On T:14962 you reached level 1 of The Quest. On T:14968 you advanced to experience level 11. On T:14976 you advanced to experience level 12. On T:15217 you reached level 13 of The Dungeons of Doom. On T:15661 you reached level 14 of The Dungeons of Doom. On T:15793 you reached level 15 of The Dungeons of Doom. On T:16268 you advanced to experience level 13. Score breakdown: Gold: 1969 (11206 points) Experience: 13 levels (19298 points) Exploration: 15 levels ( 30.00%) (16035 points) Discoveries: 114 items ( 39.31%) (18809 points) Valuables value: (no points given unless you survive) Artifact value: 3500 (12056 points) Variety of kills: 139 monsters ( 36.29%) (18072 points) Turncount: 16631 turns (-3130 points) Survival: died (score multiplied by 80%) Total score: 73876 Latest messages: The sergeant hits! The quantum mechanic zaps a wand of create monster! The Uruk-hai hits! It hits! The quantum mechanic zaps a wand of create monster! The xan misses it. It hits! The sergeant swings her flail at you. The sergeant hits! The quantum mechanic zaps a wand of create monster! You drop a chest. Your movements are now unencumbered. The Uruk-hai misses the Uruk-hai. The Uruk-hai hits! The Uruk-hai wields a crude bow! It hits! The sergeant swings her flail at you. The sergeant hits! The quantum mechanic zaps a wand of create monster! The xan stings it. It hits! You die... Final status: Goodbye K2 the Wizard, killed by an invisible stalker... You died in The Dungeons of Doom on dungeon level 13 with 73876 points, and 1969 pieces of gold, after 16631 moves. You were level 13 with a maximum of 95 hit points when you died.